 Dungeon Crawl Stone Soup version 0.23-a0-650-ga4d50d4 (webtiles) character file.

1404 Firecrotchwizard the Magician (level 8, -4/42 HPs)
             Began as a Deep Elf Fire Elementalist on Jan 6, 2019.
             Was an Initiate of Sif Muna.
             Hit by a tomahawk of returning thrown by an orc warrior (6 damage)
             ... on level 6 of the Dungeon.
             The game lasted 00:21:35 (8960 turns).

Firecrotchwizard the Magician (DEFE)                Turns: 8960, Time: 00:21:35

Health: -4/42      AC:  5    Str:  5    XL:     8   Next: 42%
Magic:  9/20       EV: 13    Int: 23    God:    Sif Muna [......]
Gold:   298        SH:  0    Dex: 15    Spells: 8/21 levels left

rFire    . . .     SeeInvis .   t - +2 spear (venom)
rCold    . . .     Gourm    .   (no shield)
rNeg     . . .     Faith    .   a - +0 robe
rPois    +         Spirit   .   (no helmet)
rElec    .         Reflect  .   (no cloak)
rCorr    .         Harm     .   q - +0 pair of gloves
MR       .....                  s - +1 pair of boots
Stlth    +++.......             (no amulet)
HPRegen  0.14/turn              v - ring of poison resistance {rPois, !d}
MPRegen  0.17/turn              (no ring)

@: no status effects
A: no striking features
a: Renounce Religion


You were on level 6 of the Dungeon.
You worshipped Sif Muna.
Sif Muna was noncommittal.
You were not hungry.

You visited 2 branches of the dungeon, and saw 7 of its levels.

You collected 298 gold pieces.

Inventory:

Hand Weapons
 d - a +0 short sword
   (You took it off a kobold on level 1 of the Dungeon)
 h - a +0 dagger
   (You took it off a goblin on level 1 of the Dungeon)
 i - a +0 dagger of speed
   (You took it off a goblin on level 2 of the Dungeon)
 t - a +2 spear of venom (weapon)
   (You took it off a gnoll on level 5 of the Dungeon)
Armour
 a - a +0 robe (worn)
 q - a +0 pair of gloves (worn)
   (You found it on level 5 of the Dungeon)
 s - a +1 pair of boots (worn)
   (You found it on level 5 of the Dungeon)
Jewellery
 v - a ring of poison resistance (left hand) {rPois, !d}
   (You found it on level 5 of the Dungeon)
Wands
 l - a wand of iceblast (9)
   (You found it on level 3 of the Dungeon)
Scrolls
 c - a scroll of fear {unknown}
 e - 2 scrolls of identify
 f - a scroll of remove curse
 g - 4 scrolls of teleportation {unknown}
 j - 3 scrolls of fog {unknown}
 m - a scroll of magic mapping {unknown}
 p - 3 scrolls of enchant armour {unknown}
 r - a scroll of blinking {unknown}
Potions
 b - 3 potions of curing
 n - a potion of resistance {unknown}
 o - 2 potions of heal wounds {unknown}
 u - a potion of cancellation {unknown}
Comestibles
 k - 6 rations
 w - 4 chunks of flesh {@w0}


   Skills:
 + Level 0.6 Fighting
 - Level 2.4 Dodging
 - Level 6.6 Stealth
 + Level 7.0 Spellcasting
 + Level 6.5 Conjurations
 + Level 6.3 Fire Magic


You had 8 spell levels left.
You knew the following spells:

 Your Spells              Type           Power        Failure   Level  Hunger
a - Flame Tongue          Conj/Fire      #####        1%          1    None
c - Conjure Flame         Conj/Fire      #####...     1%          3    None
f - Fireball              Conj/Fire      #####.....   16%         5    #####..
s - Sticky Flame          Conj/Fire      #####...     5%          4    ###....

Your spell library contained the following spells:

 Spells                   Type           Power        Failure   Level  Hunger
 Throw Flame              Conj/Fire      #####.       1%          2    None
 Inner Flame              Hex/Fire       ###.....     6%          3    None
 Beastly Appendage        Tmut           #.....       8%          1    None
 Sticks to Snakes         Tmut           #.......     12%         2    None
 Spider Form              Tmut/Pois      #.........   22%         3    None
 Ice Form                 Ice/Tmut       #.......     58%         4    ###....
 Blade Hands              Tmut           #.........   91%         5    #####..


Dungeon Overview and Level Annotations

Branches:
Dungeon (6/15)             Temple (1/1) D:4

Altars:
Ashenzari
Cheibriados
Dithmenos
Elyvilon
Fedhas
Gozag
Hepliaklqana
Kikubaaqudgha
Makhleb
Nemelex Xobeh
Okawaru
Qazlal
Ru
Sif Muna
Trog
Uskayaw
Wu Jian
Xom
Yredelemnul
Zin
The Shining One

Shops:
D:4 :


Message History

Where to? (Enter - D:4, ? - help)
There is a stone staircase leading down here.
You climb downwards.
There is a stone staircase leading up, spattered with blood here.
You see here a +0 giant club.
(D) Dungeon (T) Temple
Where to? (Enter - D:5, ? - help)
There is an open door here.
There is a stone staircase leading down here.
You climb downwards. 2 orcs and an orc warrior come into view.
The orc moves out of view.
There is a stone staircase leading up here.
Aim: an orc warrior, wielding a +0 flail and wearing a +0 chain mail (hasn't The sticky flame hits the orc warrior.
The orc warrior shouts!
The orc warrior is covered in liquid flames!
You hear a shout!
The orc warrior burns!
A jelly comes into view.
The orc warrior hits you with a +0 flail!
You take 11 damage, and have 30/41 hp.
MASSIVE DAMAGE!!
You now have 16/20 mp.
The orc warrior burns!
The orc warrior completely misses you.
You climb upwards.
There is a stone staircase leading down here.
You hit the orc warrior.
The orc warrior is poisoned.
The orc warrior burns! x2
The orc warrior misses you.
The orc warrior burns!
You kill the orc warrior!
Sif Muna accepts your kill.
Your Spellcasting skill increases to level 7!
You now have 298 gold pieces (gained 15).
There is a stone staircase leading down here.
Things that are here:
a +0 flail; a +0 chain mail; an orc corpse You butcher the orc corpse.
w - 4 chunks of flesh {@w0}
There is a stone staircase leading down here.
Things that are here:
a +0 flail; a +0 chain mail; an orc skeleton You start resting.
Health restored: 42; MP restored: 20
There is a stone staircase leading down here.
You climb downwards.
The orc warrior throws a tomahawk of returning.
The tomahawk of returning barely misses you.
There is a stone staircase leading up here.
You see here a tomahawk of returning.
Aim: an orc wizard, wielding a +0 dagger and wearing a +0 robe (hasn't noticed The flame tongue hits the orc wizard.
The orc wizard shouts!
The orc warrior throws a tomahawk of returning.
The tomahawk of returning hits you!
The weapon returns to the orc warrior!
You take 9 damage, and have 33/42 hp.
MASSIVE DAMAGE!!
You now have 19/20 mp.
You closely miss the orc wizard.
Aim: an orc warrior, wielding a +0 flail and wearing a +0 chain mail The sticky flame hits the orc warrior.
The orc warrior appears unharmed.
The orc warrior is covered in liquid flames!
The orc warrior burns!
You now have 15/20 mp.
Aim: an orc wizard, wielding a +0 dagger and wearing a +0 robe (severely The sticky flame hits the orc wizard.
You kill the orc wizard!
Sif Muna accepts your kill.
The orc warrior burns!
The orc warrior hits you with a +0 flail!
You take 16 damage, and have 17/42 hp.
MASSIVE DAMAGE!!
You now have 11/20 mp.
You hit the orc warrior.
The orc warrior is poisoned.
The orc warrior burns!
The orc warrior hits you with a +0 flail!
* * * LOW HITPOINT WARNING * * *
You take 8 damage, and have 9/42 hp.
Unknown command.
The orc warrior burns!
The orc warrior stops burning.
The orc warrior throws a tomahawk of returning.
The tomahawk of returning misses you.
The weapon returns to the orc warrior!
The orc warrior throws a tomahawk of returning.
The tomahawk of returning hits you!
* * * LOW HITPOINT WARNING * * *
The weapon returns to the orc warrior!
You take 8 damage, and have 1/42 hp.
Aim: an orc warrior, wielding a +0 flail and wearing a +0 chain mail (severely The flame tongue misses the orc warrior.
The orc warrior throws a tomahawk of returning.
The tomahawk of returning closely misses you.
The weapon returns to the orc warrior!
You now have 11/20 mp.
Aim: an orc warrior, wielding a +0 flail and wearing a +0 chain mail (severely The flame tongue hits the orc warrior.
The orc warrior appears unharmed.
You now have 10/20 mp.
Aim: an orc warrior, wielding a +0 flail and wearing a +0 chain mail (severely The flame tongue hits the orc warrior.
The orc warrior appears unharmed.
The orc warrior throws a tomahawk of returning.
The tomahawk of returning hits you.
You die...

#.. ### #.# ... #.# #†#
#.# # #.# #.#
######.####.#
#.#########.(.........###
#.)..................<...
#.#########.#############
#.......@.o...#
#.######...)..# #.#
##.##.#.#
####.#####.....#.#
#...........####.#
#.##.#####.## #.#
#.##.### #.# ###.###
#.##...# #.# #.....
#)##.#.###.###.#.# #


You could see an orc warrior.

Vanquished Creatures
  An ice beast (D:5)
  An orc warrior (D:5)
  A phantom (D:4)
  3 ogres
  A centaur (D:5)
  2 wights
  A howler monkey (D:4)
  A bullfrog zombie (D:5)
  A gnoll shaman (D:4)
  3 hounds
  A jelly (D:5)
  An orc priest (D:4)
  An orc wizard (D:6)
  Jessica (D:3)
  An iguana (D:5)
  3 worker ants
  A hound skeleton (D:6)
  A howler monkey skeleton (D:5)
  10 gnolls
  9 adders
  A river rat (D:3)
  3 oozes
  2 worms (D:3)
  2 dart slugs
  5 leopard geckos
  12 orcs
  2 ball pythons
  3 giant cockroaches
  5 goblins
  4 hobgoblins
  6 kobolds
  A quokka (D:3)
  A ball python skeleton (D:4)
  10 bats
  4 frilled lizards
  A giant cockroach zombie (D:6)
  A quokka skeleton (D:4)
  11 rats
118 creatures vanquished.

Vanquished Creatures (others)
  A goblin (D:1)
  A bat (D:1)
  A withered plant (D:6)
3 creatures vanquished.

Grand Total: 121 creatures vanquished

Notes
Turn   | Place    | Note
-------+----------+-------------------------------------------
     0 | D:1      | Firecrotchwizard the Deep Elf Fire Elementalist began the
                  | quest for the Orb.
     0 | D:1      | Reached XP level 1. HP: 10/10 MP: 6/6
   254 | D:1      | Reached XP level 2. HP: 11/15 MP: 6/8
   838 | D:1      | Reached skill level 2 in Conjurations
  1237 | D:1      | Reached XP level 3. HP: 17/19 MP: 9/9
  1655 | D:1      | Learned a level 3 spell: Conjure Flame
  1736 | D:2      | Reached skill level 3 in Stealth
  2424 | D:2      | Reached XP level 4. HP: 18/24 MP: 8/11
  2639 | D:2      | Reached skill level 3 in Conjurations
  2642 | D:2      | Reached skill level 4 in Fire Magic
  3118 | D:3      | Noticed Jessica
  3132 | D:3      | Reached skill level 4 in Spellcasting
  3437 | D:3      | Reached XP level 5. HP: 23/28 MP: 9/13
  4063 | D:3      | Reached skill level 4 in Stealth
  4125 | D:3      | Learned a level 4 spell: Sticky Flame
  4308 | D:3      | Killed Jessica
  4422 | D:4      | Reached skill level 4 in Conjurations
  4489 | D:4      | Found a sparkling altar of Nemelex Xobeh.
  4560 | D:4      | Reached XP level 6. HP: 32/32 MP: 1/14
  4582 | D:4      | Found a staircase to the Ecumenical Temple.
  4926 | Temple   | Entered the Ecumenical Temple
  6337 | D:4      | Reached skill level 5 in Spellcasting
  6601 | D:4      | Reached skill level 5 in Stealth
  6601 | D:4      | Reached skill level 5 in Conjurations
  6601 | D:4      | Reached XP level 7. HP: 34/36 MP: 8/16
  6625 | D:4      | Found Tikiv's Book Shoppe.
  6702 | D:4      | Reached skill level 5 in Fire Magic
  7041 | D:5      | Entered Level 5 of the Dungeon
  7071 | D:5      | Learned a level 5 spell: Fireball
  7469 | D:5      | HP: 6/36 [ogre/+0 giant club (16)]
  7472 | D:5      | Reached skill level 6 in Spellcasting
  7726 | D:5      | Found a shadowy altar of Dithmenos.
  7738 | D:5      | Reached skill level 6 in Stealth
  7813 | D:5      | Reached skill level 6 in Conjurations
  7813 | D:5      | Reached XP level 8. HP: 26/41 MP: 11/19
  8076 | D:5      | Reached skill level 6 in Fire Magic
  8791 | Temple   | Became a worshipper of Sif Muna the Loreminder
  8849 | D:5      | Reached skill level 7 in Spellcasting
  8955 | D:6      | HP: 9/42 [orc warrior/+0 flail (8)]
  8957 | D:6      | HP: 1/42 [orc warrior/tomahawk of returning (8)]
  8960 | D:6      | Hit by a tomahawk of returning thrown by an orc warrior

Vault maps used:
D:1:      dpeg_arrival_boxorama, lemuel_flame_loot_1
D:3:      serial_aquarium, aquarium_bridge_straight, aquarium_bridge_square,
          aquarium_window_corner, aquarium_window_fake, aquarium_window_2,
          aquarium_window_fake, aquarium_view_2c, aquarium_pool_side,
          gup_sewer_entry_bubbles, uniq_jessica
D:4:      minmay_temple_entry_purple_smoke, first_ration, serial_shops, shop,
          nemelex_spade_bored_becter
D:5:      grunt_dithmenos_smoke_and_mirrors
D:6:      serial_undead, serial_undead_e, serial_undead_b, serial_undead_c,
          serial_undead_e, serial_undead_e, serial_undead_c, serial_shops,
          kennysheep_mini_moat
Temple:   compressed_dpeg_triangle_lava_temple

Skill      XL: |  1  2  3  4  5  6  7  8 |
---------------+-------------------------+-----
Conjurations   | 2 3 4 5 6 |  6.5
Stealth        | 3 4 5 6 |  6.6
Fire Magic     | 4 5 6 |  6.3
Spellcasting   | 4 5 6 7 |  7.0
Fighting       | |  0.6
Dodging        | |  2.4

Action                   |  1- 3 |  4- 6 |  7- 9 || total
-------------------------+-------+-------+-------++-------
Melee: Short sword       |    52 |       |       ||    52
       Unarmed           |     1 |       |       ||     1
       Dagger            |    21 |   122 |    25 ||   168
       Spear             |       |       |    40 ||    40
 Cast: Flame Tongue      |    30 |    64 |    45 ||   139
       Conjure Flame     |       |     4 |       ||     4
       Sticky Flame      |       |     4 |    11 ||    15
Evoke: Wand              |       |       |     1 ||     1
  Use: Scroll            |       |     3 |       ||     3
 Stab: Sleeping          |     7 |     6 |     4 ||    17
       Distracted        |       |     1 |       ||     1
  Eat: Chunk             |     1 |    11 |     5 ||    17
       Ration            |     1 |     1 |     1 ||     3
Armor: Robe              |    20 |    15 |    11 ||    46
Dodge: Dodged            |    60 |    64 |    56 ||   180

Table legend:
 A = Non-vault XP
 B = Vault XP
 C = Vault XP percentage of total XP
 D = Non-vault monster count
 E = Vault monster count
 F = Vault count percentage of total count
                 A         B        C        D         E       F
            +---------+---------+-------+---------+---------+-------
      Total |    1898 |     109 |   5.4 |     108 |      10 |   8.5
            +---------+---------+-------+---------+---------+-------
        D:1 |      41 |       0 |   0.0 |      23 |       0 |   0.0
        D:2 |     102 |       0 |   0.0 |      21 |       0 |   0.0
        D:3 |     146 |      89 |  37.9 |      23 |       8 |  25.8
        D:4 |     569 |       0 |   0.0 |      16 |       0 |   0.0
        D:5 |     924 |       0 |   0.0 |      20 |       0 |   0.0
        D:6 |     116 |      20 |  14.7 |       5 |       2 |  28.6
            +---------+---------+-------+---------+---------+-------

Vault maps used:
D:1:      dpeg_arrival_boxorama, lemuel_flame_loot_1
D:3:      serial_aquarium, aquarium_bridge_straight, aquarium_bridge_square,
          aquarium_window_corner, aquarium_window_fake, aquarium_window_2,
          aquarium_window_fake, aquarium_view_2c, aquarium_pool_side,
          gup_sewer_entry_bubbles, uniq_jessica
D:4:      minmay_temple_entry_purple_smoke, first_ration, serial_shops, shop,
          nemelex_spade_bored_becter
D:5:      grunt_dithmenos_smoke_and_mirrors
D:6:      serial_undead, serial_undead_e, serial_undead_b, serial_undead_c,
          serial_undead_e, serial_undead_e, serial_undead_c, serial_shops,
          kennysheep_mini_moat
Temple:   compressed_dpeg_triangle_lava_temple

Table legend:
 A = Turns spent in this place as a percentage of turns spent in the entire game.
 B = Non-inter-level travel turns spent in this place as a percentage of non-inter-level travel turns spent in the entire game.
 C = Inter-level travel turns spent in this place as a percentage of turns spent in this place.
 D = Turns resting spent in this place as a percentage of non-inter-level travel turns spent in this place.
 E = Turns spent auto-exploring this place as a percentage of non-inter-level travel turns spent in this place.
 F = Non-inter-level travel turns spent in this place divided by the number of levels of this place that you've seen.
                   A       B       C       D       E      F
               +-------+-------+-------+-------+-------+----------------------
         Total | 100.0 | 100.0 |   5.5 |  45.0 |  38.9 | 1209.9
       Dungeon |  91.0 |  90.7 |   5.8 |  42.5 |  40.0 | 1280.2
        Temple |   9.0 |   9.3 |   2.5 |  69.4 |  28.3 | 788.0
               +-------+-------+-------+-------+-------+----------------------

Table legend:
 A = Kills in this place as a percentage of kills in entire the game.
 B = Kills by you in this place as a percentage of kills by you in the entire game.
 C = Kills by friends in this place as a percentage of kills by friends in the entire game.
 D = Other kills in this place as a percentage of other kills in the entire game.
 E = Experience gained in this place as a percentage of experience gained in the entire game.
 F = Experience gained in this place divided by the number of levels of this place that you have seen.
                   A       B       C       D       E      F
               +-------+-------+-------+-------+-------+----------------------
         Total | 100.0 | 100.0 |   N/A |   N/A | 100.0 | 286.7
       Dungeon | 100.0 | 100.0 |   N/A |   N/A | 100.0 | 334.5
               +-------+-------+-------+-------+-------+----------------------
